 Dungeon Crawl Stone Soup version 0.29.0-4-gdea44cf6ec (webtiles) character file.

Game seed: 13882432349629788877

317 qw the Chopper (level 6, 0/36 HPs)
             Began as a Tengu Warper on Aug 28, 2022.
             Slain by Ijyb
             ... wielding a +4 dagger of venom
              (4 damage)
             ... on level 3 of the Dungeon.
             The game lasted 00:00:19 (3376 turns).

qw the Chopper (Tengu Warper)                       Turns: 3376, Time: 00:00:19

Health: 0/36       AC:  5    Str: 13    XL:     6   Next: 44%
Magic:  10/10      EV: 13    Int: 13    God:
Gold:   68         SH:  0    Dex: 14    Spells: 9/9 levels left

rFire   + . .      SeeInvis .   Y - +1 hand axe
rCold   + . .      Faith    .   (no shield)
rNeg    . . .      Spirit   .   a - +0 ring mail
rPois   .          Reflect  .   (helmet restricted)
rElec   .          Harm     .   h - scarf {rC+ rF+}
rCorr   .          Rampage  .   (no gloves)
Will    .....                   (boots unavailable)
Stlth   +.........              (no amulet)
HPRegen 0.12/turn               (no ring)
MPRegen 0.12/turn               (no ring)

@: lethally poisoned (0 -> -17), flying quickly and evasively, quick
A: beak, talons 3, nimble flight
a: no special abilities


You were on level 3 of the Dungeon.
You visited 1 branch of the dungeon, and saw 3 of its levels.

You collected 68 gold pieces.


Innate Abilities, Weirdness & Mutations

You have a beak for a mouth.
You have claws for feet.
Your magical nature lets you fly swiftly and evasively.


   Skills:
 + Level 2.4 Fighting
 - Level 7.1 Axes
 - Level 1.0 Throwing
 - Level 1.1 Armour
 - Level 2.1 Dodging
 - Level 2.0 Spellcasting
 - Level 2.4 Translocations


You had 9 spell levels left.
You didn't know any spells.
Your spell library contained the following spells:

 Spells                   Type           Power      Damage    Failure   Level
 Blink                    Tloc           14%        N/A       30%         2
 Gell's Gravitas          Tloc           7%         N/A       52%         3
 Lesser Beckoning         Tloc           7%         N/A       52%         3
 Teleport Other           Tloc           7%         N/A       52%         3
 Manifold Assault         Tloc           7%         N/A       99%         5

Inventory:

Hand Weapons
 d - a +0 morningstar
 Y - a +1 hand axe (weapon)
Armour
 a - a +0 ring mail (worn)
 c - the +1 robe "Ciol" {Rampage rPois}
   (You found it on level 3 of the Dungeon)

   rPois:     It protects you from poison.
   Rampage:   It bestows one free step when moving towards enemies.
 h - a scarf of resistance (worn)
 i - a +2 pair of gloves of dexterity
Jewellery
 e - an amulet of faith
Scrolls
 b - a scroll of fog {unknown}
 g - a scroll of identify
Potions
 f - a potion of mutation
 j - a potion of magic {unknown}

Dungeon Overview and Level Annotations

Branches:
Dungeon (3/15)

Altars:

Annotations:
D:3 Ijyb


Message History

You kill the frilled lizard!
You feel sick.
Ijyb hits you with a +4 dagger of venom.
You are more poisoned.
You hit Ijyb.
Ijyb is lightly wounded.
You hit the adder.
You feel very sick. Ijyb barely misses you. The adder bites you.
You are more poisoned.
The adder poisons you!
You hit the adder. Your kick misses the adder.
The adder is heavily wounded.
You barely miss Ijyb.
You feel very sick. The adder bites you but does no damage.
Ijyb hits you with a +4 dagger of venom.
You barely miss the adder. Your kick misses the adder.
Your peck misses the adder.
The adder is moderately wounded.
You hit Ijyb.
You feel very sick. The adder bites you.
You are lethally poisoned!
The adder poisons you!
Ijyb hits you with a +4 dagger of venom.
You closely miss the adder. Your kick misses the adder.
The adder is moderately wounded.
You hit Ijyb but do no damage.
You feel very sick. The adder completely misses you.
Ijyb hits you with a +4 dagger of venom.
You are more poisoned.
You barely miss the adder. Your kick misses the adder.
The adder is moderately wounded.
You barely miss Ijyb.
You feel very sick. The adder misses you.
Ijyb hits you with a +4 dagger of venom.
You die...

..#...#.#...#.............#
..###.#.#.###.....#########
........)...........#
..###.#.#.###..#....# ..#
#.....# #..#..>.#
###.###.#..#....##
...............# ...
##........# #.## #...@S...#
.. #..g.....$...
#.)#####..... #.. ...$..
... ...... .... ...... #...
... #.?.


You could see Ijyb and an adder.

Vanquished Creatures
  Sigmund (D:3)
  A howler monkey (D:3)
  Jessica (D:3)
  An adder (D:3)
  A worm (D:2)
  2 dart slugs
  6 endoplasms
  A giant cockroach (D:1)
  7 goblins
  6 hobgoblins
  2 jackals (D:1)
  2 quokkas
  10 ball pythons
  7 bats
  3 frilled lizards
  8 kobolds
  4 rats
63 creatures vanquished.

Notes
Turn   | Place    | Note
-------+----------+-------------------------------------------
     0 | D:1      | qw the Tengu Warper began the quest for the Orb.
     0 | D:1      | Reached XP level 1. HP: 12/12 MP: 4/4
     0 | D:1      | 0 ||| qw: Version: 0.1-a-89-g26bdef1
     0 | D:1      | 0 ||| qw: Game counter: 2622
     0 | D:1      | 0 ||| qw: Always use a shield: true
     0 | D:1      | 0 ||| qw: God list: Okawaru
     0 | D:1      | 0 ||| qw: Allow faded altars: false
     0 | D:1      | 0 ||| qw: Do Orc after D:15 true
     0 | D:1      | 0 ||| qw: Do second Lair branch before Depths: true
     0 | D:1      | 0 ||| qw: Lair rune preference: random
     0 | D:1      | 0 ||| qw: Plans: Normal
     0 | D:1      | 0 ||| PLANNING D:1-11
    92 | D:1      | 92 ||| DROPPING +0 club.
   108 | D:1      | Reached XP level 2. HP: 16/17 MP: 6/6
   134 | D:1      | Reached skill level 3 in Axes
   159 | D:1      | 159 ||| Stepping ~*~*~tactically~*~*~ (stealth).
   748 | D:1      | 748 ||| Stepping ~*~*~tactically~*~*~ (stealth).
   753 | D:1      | Reached XP level 3. HP: 13/21 MP: 7/7
  1018 | D:1      | 1018 ||| Stepping ~*~*~tactically~*~*~ (hiding).
  1029 | D:1      | 1029 ||| Stepping ~*~*~tactically~*~*~ (hiding).
  1137 | D:1      | Reached skill level 4 in Axes
  1563 | D:1      | 1563 ||| UPGRADING to scarf of resistance.
  1568 | D:1      | 1568 ||| READING scroll labelled KIMAON VOHIGRI.
  1569 | D:1      | 1569 ||| READING 3 scrolls labelled FANETITS FYEDA.
  1570 | D:1      | 1570 ||| READING 2 scrolls of identify.
  1570 | D:1      | 1570 ||| IDENTIFYING purple potion
  1571 | D:1      | 1571 ||| DROPPING scroll of blinking.
  1572 | D:1      | 1572 ||| DROPPING potion of attraction.
  1762 | D:2      | 1762 ||| DROPPING +0 whip.
  2135 | D:2      | Found a faded altar of an unknown god.
  2316 | D:2      | 2316 ||| READING scroll labelled USOJIFA HILAI.
  2317 | D:2      | 2317 ||| READING scroll labelled PEUPSOVA BADGHU.
  2318 | D:2      | 2318 ||| READING scroll labelled ICUHEO PUOTAO.
  2319 | D:2      | 2319 ||| READING 2 scrolls of identify.
  2319 | D:2      | 2319 ||| IDENTIFYING ruby potion
  2576 | D:2      | 2576 ||| FLEEEEING.
  2577 | D:2      | 2577 ||| FLEEEEING.
  2578 | D:2      | 2578 ||| FLEEEEING.
  2579 | D:2      | 2579 ||| FLEEEEING.
  2580 | D:2      | 2580 ||| FLEEEEING.
  2581 | D:2      | 2581 ||| FLEEEEING.
  2582 | D:2      | 2582 ||| FLEEEEING.
  2583 | D:2      | 2583 ||| FLEEEEING.
  2584 | D:2      | 2584 ||| FLEEEEING.
  2587 | D:2      | 2587 ||| FLEEEEING.
  2588 | D:2      | 2588 ||| FLEEEEING.
  2589 | D:2      | 2589 ||| FLEEEEING.
  2590 | D:2      | 2590 ||| FLEEEEING.
  2591 | D:2      | 2591 ||| FLEEEEING.
  2592 | D:2      | 2592 ||| STAIRDANCE
  2711 | D:2      | Reached XP level 4. HP: 26/26 MP: 8/8
  2760 | D:2      | 2760 ||| UPGRADING to +0 ring mail.
  2770 | D:2      | 2770 ||| DROPPING +0 leather armour.
  2771 | D:2      | 2771 ||| READING 2 scrolls of identify.
  2771 | D:2      | 2771 ||| IDENTIFYING murky yellow potion
  2772 | D:2      | 2772 ||| DROPPING potion of degeneration.
  2798 | D:3      | Noticed Sigmund
  2799 | D:3      | 2799 ||| Stepping ~*~*~tactically~*~*~ (hiding).
  2813 | D:3      | Killed Sigmund
  2814 | D:3      | Reached skill level 6 in Axes
  2814 | D:3      | Gained mutation: Your magical nature lets you fly swiftly
                  | and evasively. [Tengu growth]
  2814 | D:3      | Reached XP level 5. HP: 23/30 MP: 9/9
  2814 | D:3      | Reached XP level 6. HP: 27/35 MP: 10/10
  2814 | D:3      | 2814 ||| FLEEEEING.
  2815 | D:3      | 2815 ||| STAIRDANCE
  2994 | D:3      | Reached skill level 7 in Axes
  3031 | D:3      | Identified the +1 robe "Ciol" {Rampage rPois}
  3046 | D:3      | Noticed Jessica
  3047 | D:3      | 3047 ||| Stepping ~*~*~tactically~*~*~ (hiding).
  3048 | D:3      | 3048 ||| Stepping ~*~*~tactically~*~*~ (hiding).
  3054 | D:3      | Killed Jessica
  3176 | D:3      | 3176 ||| Stepping ~*~*~tactically~*~*~ (hiding).
  3299 | D:3      | 3299 ||| Stepping ~*~*~tactically~*~*~ (stealth).
  3300 | D:3      | 3300 ||| Stepping ~*~*~tactically~*~*~ (stealth).
  3365 | D:3      | Noticed Ijyb
  3375 | D:3      | HP: 9/36 [poisoned by an adder]
  3376 | D:3      | HP: 4/36 [poisoned by Ijyb]
  3376 | D:3      | Slain by Ijyb

Levels and vault maps discovered:
D:1:      onia_arrival_mini_maze, layout_basic, hex_medium
D:2:      layout_basic, hellmonk_ecumenical_altar_inner_sanctum,
          lemuel_old_faithful
D:3:      layout_basic, marbit_many_paths, minmay_misc_feat_roman, uniq_sigmund,
          uniq_jessica, uniq_ijyb

Skill      XL: |  1  2  3  4  5  6 |
---------------+-------------------+-----
Axes           | 3 4 6 7 |  7.1
Fighting       | |  2.4
Throwing       | |  1.0
Armour         | |  1.1
Dodging        | |  2.1
Spellcasting   | |  2.0
Translocations | |  2.4

Action                   |  1- 3 |  4- 6 || total
-------------------------+-------+-------++-------
Melee: Hand axe          |    97 |    46 ||   143
       Kick              |    21 |    10 ||    31
       Peck              |    12 |     8 ||    20
       Punch             |     1 |       ||     1
Throw: Boomerang         |     7 |       ||     7
  Use: Scroll            |     7 |     1 ||     8
 Stab: Sleeping          |     1 |       ||     1
Armor: Leather armour    |    12 |       ||    12
       Ring mail         |       |    10 ||    10
Dodge: Dodged            |    44 |    18 ||    62

Table legend:
 A = Non-vault XP
 B = Vault XP
 C = Vault XP percentage of total XP
 D = Non-vault monster count
 E = Vault monster count
 F = Vault count percentage of total count
                 A         B        C        D         E       F
            +---------+---------+-------+---------+---------+-------
      Total |     173 |     280 |  61.8 |      61 |       2 |   3.2
            +---------+---------+-------+---------+---------+-------
        D:1 |      48 |       0 |   0.0 |      28 |       0 |   0.0
        D:2 |      38 |       0 |   0.0 |      21 |       0 |   0.0
        D:3 |      87 |     280 |  76.3 |      12 |       2 |  14.3
            +---------+---------+-------+---------+---------+-------
